 Seeded DCSS version 0.29.1-13-g9f3cf754e1 (webtiles) character file.

Game seed: 6320845443627075161 (custom seed)

23587 tkbsonic5 the Skirmisher (level 13, -4/103 HPs)
             Began as a Human Hunter on Jan 24, 2023.
             Was a Believer of the Shining One.
             Slain by a wolf (6 damage)
             ... on level 3 of the Lair of Beasts.
             The game lasted 00:46:57 (12161 turns).

tkbsonic5 the Skirmisher (Human Hunter)            Turns: 12161, Time: 00:46:58

Health: -4/103     AC: 15    Str: 11    XL:     13   Next: 36%
Magic:  19/19      EV: 18    Int: 16    God:    the Shining One [**....]
Gold:   479        SH:  9    Dex: 21    Spells: 12/12 levels left

rFire   . . .      SeeInvis .   m - +8 storm bow {elec, penet}
rCold   . . .      Faith    .   (shield currently unavailable)
rNeg    + . .      Spirit   .   u - +1 ring mail of Sorcery {Int+5}
rPois   .          Reflect  .   q - +2 hat {Stlth+}
rElec   .          Harm     .   (no cloak)
rCorr   .          Rampage  .   G - +0 pair of gloves
Will    .....                   y - +1 pair of boots {Stlth+}
Stlth   +++.......              (no amulet)
HPRegen 0.27/turn               R - +4 ring of evasion
MPRegen 0.16/turn               j - +4 ring of protection

@: mighty, divinely shielded, attractive, glowing, studying Maces & Flails
A: no striking features
a: Renounce Religion, Divine Shield


You were on level 3 of the Lair of Beasts.
You worshipped the Shining One.
The Shining One was pleased with you.
You visited 3 branches of the dungeon, and saw 16 of its levels.

You collected 843 gold pieces.
You spent 364 gold pieces at shops.

Inventory:

Hand Weapons
 a - a +1 shortbow of freezing
 m - the +8 storm bow (weapon) {elec, penet}
   (You acquired it on level 3 of the Dungeon)

   Any ammunition fired from it occasionally discharges a powerful burst of
   electricity upon striking a foe.
   Any ammunition fired by it passes through the targets it hits, potentially
   hitting all targets in its path until it reaches maximum range.
 E - a +1 morningstar of flaming
Missiles
 g - 45 poisoned darts
 w - 2 throwing nets
Armour
 c - a +0 leather armour
 k - a +0 plate armour
 q - a +2 hat of stealth (worn)
 u - the +1 ring mail of Sorcery (worn) {Int+5}
   (You found it on level 6 of the Dungeon)

   Int:       It affects your intelligence (+5).
 y - a +1 pair of boots of stealth (worn)
 G - a +0 pair of gloves (worn)
 N - a +2 robe of willpower
Magical Staves
 h - a staff of air
Jewellery
 j - a +4 ring of protection (right hand)
 n - a ring of magical power
 t - a ring of willpower
 x - a ring of positive energy
 z - a ring of magical power
 F - a ring of willpower
 I - a ring of protection from fire
 J - a ring of resist corrosion
 K - a ring of fire
 R - a +4 ring of evasion (left hand)
Wands
 p - a wand of charming (5)
 s - a wand of flame (42)
 v - a wand of mindburst (15)
 A - a wand of digging (5)
 H - a wand of roots (8)
Scrolls
 b - a scroll of identify
 i - 2 scrolls of magic mapping
 B - a scroll of silence
 D - 2 scrolls of amnesia
Potions
 e - 3 potions of curing
 f - a potion of attraction
 l - 3 potions of brilliance
 o - 2 potions of flight
 M - 3 potions of magic


   Skills:
 + Level 10.0 Fighting
 + Level 6.6 Maces & Flails
 * Level 14.1 Ranged Weapons
 - Level 0.6 Armour
 * Level 6.6 Dodging
 - Level 9.4 Stealth
 * Level 8.3 Invocations


You had 12 spell levels left.
You didn't know any spells.
Your spell library contained the following spells:

 Spells                   Type           Power      Damage    Failure   Level
 Freeze                   Ice            0%         1d3       52%         1
 Slow                     Hex            0%         N/A       52%         1
 Call Canine Familiar     Summ           0%         N/A       88%         3
 Confusing Touch          Hex            0%         N/A       88%         3
 Frozen Ramparts          Ice            0%         1d1       88%         3
 Portal Projectile        Hex/Tloc       0%         N/A       88%         3
 Summon Guardian Golem    Hex/Summ       0%         N/A       88%         3
 Vampiric Draining        Necr           0%         2d6       88%         3
 Hailstorm                Conj/Ice       0%         3d3       99%         4
 Leda's Liquefaction      Hex/Erth       0%         N/A       99%         4
 Summon Lightning Spire   Summ/Air       0%         N/A       99%         4
 Orb of Destruction       Conj           0%         9d5       100%        7
 Spellforged Servitor     Conj/Summ      0%         N/A       100%        7
 Storm Form               Tmut/Air       0%         N/A       100%        7
 Maxwell's Capacitive Co  Air            0%         ∞         100%        8


Dungeon Overview and Level Annotations

Branches:
Dungeon (11/15)            Temple (1/1) D:7            Lair (4/5) D:10
  Snake (0/4) Lair:3          Orc (0/2) D:11
  Swamp: Lair:2-3    Shoals: Lair:2-3     Slime: Lair:4-5

Altars:
Ashenzari
Cheibriados
Dithmenos
Elyvilon
Fedhas
Gozag
Kikubaaqudgha
Makhleb
Nemelex Xobeh
Okawaru
Qazlal
Sif Muna
Trog
Uskayaw
Vehumet
Wu Jian
Yredelemnul
Zin
The Shining One

Shops:
D:2 :   D:7 !   D:9 [

Annotations:
D:3 1 runed translucent door, Crazy Yiuf
D:8 6 transporters


Message History

You shoot an arrow. The arrow pierces through the wolf!
You kill the wolf!
The wolf closely misses you. You block the wolf's attack. x2
The wolf bites you but does no damage.
Fire: m) +8 storm bow {elec, penet}
Press: ? - help, Q - select action, (/) - cycle Shift-Dir - straight line, f - wolf
Aim: a wolf (ally target, haloed, 76% to hit)
You shoot an arrow. The arrow pierces through the wolf.
The wolf is lightly wounded.
You block the wolf's attack.
Something closely misses your butterfly.
You block the wolf's attack. The wolf barely misses you. x2
Fire: m) +8 storm bow {elec, penet}
Press: ? - help, Q - select action, (/) - cycle Shift-Dir - straight line, f/p - wolf
Aim: a wolf (lightly wounded, ally target, haloed, 76% to hit)
You shoot an arrow. The arrow pierces through the wolf.
The wolf is heavily wounded.
The wolf misses you. You block the wolf's attack. The wolf closely misses you.
Fire: m) +8 storm bow {elec, penet}
Press: ? - help, Q - select action, (/) - cycle Shift-Dir - straight line, f/p - wolf
Aim: a wolf (heavily wounded, ally target, haloed, 76% to hit)
You shoot an arrow. The arrow pierces through the wolf!!
You kill the wolf!
The wolf misses you. You block the wolf's attack.
Fire: m) +8 storm bow {elec, penet}
Press: ? - help, Q - select action, (/) - cycle Shift-Dir - straight line, f - wolf
Aim: a wolf (ally target, haloed, 76% to hit)
You shoot an arrow. The arrow pierces through the wolf!
The wolf is severely wounded.
The wolf bites you.
* * * LOW HITPOINT WARNING * * *
The wolf closely misses you. The wolf bites you.
* * * LOW HITPOINT WARNING * * *
The wolf bites you but does no damage.
Fire: m) +8 storm bow {elec, penet}
Press: ? - help, Q - select action, (/) - cycle Shift-Dir - straight line, f/p - wolf
Aim: a wolf (severely wounded, ally target, haloed, 76% to hit)
You shoot an arrow. The arrow closely misses the wolf.
You block the wolf's attack. The wolf misses you. The wolf bites you.
You die...

...............
......##.#.P.##
P....[# ##.###
#.....# #
......## .
#...b.P# ..
......## ...
##......# ##P.
#@hb..b# #
#.P..##h!..b#.##
.........bbb....
.....b.>..b.....
....bb....b....^
.....b......b...
............"...
.###............
##P......##..


You could see 2 wolves.

Vanquished Creatures
  A catoblepas (Lair:1)
  Erolcha (D:11)
  A hydra (D:11)
  2 two-headed ogres
  3 death yaks (Lair:3)
  A black mamba (Lair:3)
  Maggie (D:9)
  A gargoyle (D:9)
  A rime drake (Lair:3)
  4 cane toads
  6 komodo dragons
  A troll (D:10)
  A vampire (D:11)
  4 basilisks
  32 yaks
  3 wyverns
  2 steam dragons
  Edmund (D:5)
  2 acid dragons
  8 water moccasins
  9 orc warriors
  A sky beast (D:5)
  An ice beast (D:5)
  6 black bears
  An ogre (D:5)
  10 wolves
  3 centaurs
  3 kobold brigands
  8 bullfrogs
  3 necrophages
  2 gnoll sergeants
  3 scorpions
  24 wights
  3 electric eels (D:10)
  9 howler monkeys
  2 hounds
  A gnoll bouda (D:9)
  9 orc priests
  Ijyb (D:4)
  2 iguanas
  12 orc wizards
  12 gnolls
  5 adders
  A shadow imp (D:8)
  3 dart slugs
  64 orcs
  6 ball pythons
  2 endoplasms (D:4)
  A giant cockroach (D:4)
  6 goblins
  A hobgoblin (D:3)
  2 quokkas (D:5)
  5 bats
  A frilled lizard (D:3)
  17 kobolds
  2 rats
317 creatures vanquished.

Vanquished Creatures (collateral kills)
  A catoblepas (Lair:3)
  A death yak (Lair:3)
  A black bear (Lair:3)
3 creatures vanquished.

Vanquished Creatures (others)
  A bush (Lair:3)
  39 fungi
  73 plants
113 creatures vanquished.

Grand Total: 433 creatures vanquished

Notes
Turn   | Place    | Note
-------+----------+-------------------------------------------
     0 | D:1      | tkbsonic5 the Human Hunter began the quest for the Orb.
     0 | D:1      | Reached XP level 1. HP: 16/16 MP: 1/1
   720 | D:2      | Reached XP level 2. HP: 20/23 MP: 2/2
   891 | D:2      | Found a faded altar of an unknown god.
   964 | D:2      | Reached XP level 3. HP: 28/28 MP: 3/3
   999 | D:2      | Found Weil's Book Boutique.
  1325 | D:3      | Identified a scroll of acquirement
  1325 | D:3      | Acquired the +8 storm bow {elec, penet}
  1325 | D:3      | Found the +8 storm bow {elec, penet}
  1592 | D:3      | Reached XP level 4. HP: 20/35 MP: 4/4
  1858 | D:3      | Reached skill level 5 in Ranged Weapons
  1860 | D:3      | Reached XP level 5. HP: 41/41 MP: 5/5
  1977 | D:3      | Found an ornate altar of the Wu Jian Council.
  2186 | D:3      | Found a runed translucent door.
  2187 | D:3      | Noticed Crazy Yiuf
  2588 | D:4      | Reached XP level 6. HP: 48/48 MP: 6/6
  2592 | D:4      | Noticed Ijyb
  2596 | D:4      | Killed Ijyb
  2597 | D:4      | Reached skill level 6 in Ranged Weapons
  2675 | D:4      | Acquired a +1 pair of boots of stealth
  2700 | D:4      | Found a white marble altar of Elyvilon.
  2710 | D:4      | You fall into a shaft and drop 1 floor!
  2710 | D:5      | Entered Level 5 of the Dungeon
  2734 | D:5      | Noticed an ogre
  2737 | D:5      | Killed an ogre
  2738 | D:5      | Reached XP level 7. HP: 35/54 MP: 7/7
  3044 | D:5      | Reached skill level 7 in Ranged Weapons
  3173 | D:5      | Noticed Edmund
  3180 | D:5      | Killed Edmund
  3181 | D:5      | Reached XP level 8. HP: 48/61 MP: 8/8
  3312 | D:5      | Reached skill level 5 in Fighting
  3491 | D:6      | Found a hide-covered altar of Uskayaw.
  3601 | D:5      | Reached skill level 8 in Ranged Weapons
  4030 | D:6      | Identified the +1 ring mail of Sorcery {Int+5}
  4181 | D:6      | Reached XP level 9. HP: 69/69 MP: 9/9
  4361 | D:6      | Reached skill level 9 in Ranged Weapons
  4625 | D:6      | Reached skill level 5 in Stealth
  5204 | D:6      | Reached skill level 10 in Ranged Weapons
  5303 | D:7      | Found Guepsas's Distillery.
  5310 | D:7      | Bought a potion of haste for 140 gold pieces
  5310 | D:7      | Bought a potion of haste for 140 gold pieces
  5310 | D:7      | Bought a potion of curing for 42 gold pieces
  5310 | D:7      | Bought a potion of curing for 42 gold pieces
  5528 | D:7      | Reached XP level 10. HP: 79/79 MP: 10/10
  5653 | D:7      | Found a shadowy altar of Dithmenos.
  5653 | D:7      | Found an opulent altar of Gozag.
  5653 | D:7      | Found a stormy altar of Qazlal.
  5711 | D:7      | Found a staircase to the Ecumenical Temple.
  5785 | Temple   | Entered the Ecumenical Temple
  5994 | Temple   | Became a worshipper of the Shining One
  6503 | D:8      | Reached skill level 11 in Ranged Weapons
  6599 | D:8      | Found a transporter.
  6604 | D:8      | Found a transporter.
  6635 | D:8      | Found a transporter.
  6636 | D:8      | Found a transporter.
  6639 | D:8      | Found a transporter.
  6657 | D:8      | Found a transporter.
  6664 | D:8      | Reached * piety under the Shining One
  6677 | D:8      | Noticed a two-headed ogre
  6682 | D:8      | Killed a two-headed ogre
  6754 | D:8      | Found a snail-covered altar of Cheibriados.
  7023 | D:9      | Noticed a gargoyle
  7032 | D:9      | Killed a gargoyle
  7055 | D:9      | Found Sajoudun's Antique Armour Emporium.
  7151 | D:9      | Noticed Maggie
  7160 | D:9      | Killed Maggie
  7283 | D:9      | Reached XP level 11. HP: 86/86 MP: 11/11
  7474 | D:9      | Found an iron altar of Okawaru.
  7518 | D:9      | Reached skill level 12 in Ranged Weapons
  7525 | D:9      | Reached skill level 1 in Invocations
  7635 | D:10     | Entered Level 10 of the Dungeon
  7989 | D:10     | Acquired a manual of Maces & Flails
  8059 | D:10     | Reached skill level 1 in Maces & Flails
  8073 | D:10     | Noticed a two-headed ogre
  8078 | D:10     | Killed a two-headed ogre
  8437 | D:10     | Found a staircase to the Lair.
  8473 | D:10     | Found a radiant altar of Vehumet.
  8741 | D:11     | Reached ** piety under the Shining One
  8755 | D:11     | Noticed a five-headed hydra
  8765 | D:11     | Killed a five-headed hydra
  8772 | D:11     | Reached XP level 12. HP: 48/95 MP: 15/15
  8961 | D:11     | Found a staircase to the Orcish Mines.
  8981 | D:11     | Reached skill level 5 in Invocations
  9017 | D:11     | Noticed Erolcha
  9025 | D:11     | Killed Erolcha
  9026 | D:11     | Reached skill level 13 in Ranged Weapons
 10136 | Lair:1   | Entered Level 1 of the Lair of Beasts
 10142 | Lair:1   | Noticed a catoblepas
 10487 | Lair:1   | Reached skill level 5 in Dodging
 10665 | Lair:1   | Killed a catoblepas
 10666 | Lair:1   | Reached skill level 5 in Maces & Flails
 11712 | Lair:2   | You fall into a shaft and drop 1 floor!
 11722 | Lair:3   | Reached XP level 13. HP: 73/102 MP: 18/18
 12053 | Lair:3   | Noticed a catoblepas
 12083 | Lair:3   | Reached skill level 14 in Ranged Weapons
 12093 | Lair:3   | Killed a catoblepas
 12112 | Lair:3   | Found a staircase to the Snake Pit.
 12130 | Lair:4   | Noticed a seven-headed hydra
 12145 | Lair:3   | Reached skill level 10 in Fighting
 12160 | Lair:3   | HP: 1/103 [wolf (6)]
 12161 | Lair:3   | Slain by a wolf

Illustrated notes

Levels and vault maps discovered:
D:1:      dpeg_arrival_lava_temple_mockup, layout_basic
D:2:      layout_loops_ring, shapermc_ecumenical_altar_starsandcircs,
          serial_shops, nicolae_shop_window_shopping
D:3:      layout_loops_ring, pdpol_wu_jian_five_deadly_venoms, corexii_shack,
          uniq_crazy_yiuf_cottage
D:4:      layout_basic, regret_index_temple_of_mockery, hangedman_ru_absence,
          lemuel_tele_altar, uniq_ijyb
D:5:      layout_loops_cross, uniq_edmund
D:6:      layout_cave_pods, amcnicky_altar_gilded
D:7:      layout_cave_pools, gammafunk_temple_overflow_claw,
          minmay_temple_entry_statues_pillars, serial_shops,
          nicolae_shop_statue_plus
D:8:      layout_rooms, kennysheep_mini, enter_bailey_8, serial_nicolae_subway,
          nicolae_sub_station_metal, nicolae_sub_station_stone,
          nicolae_sub_station_crystal
D:9:      layout_roguey, mainiacjoe_overflow_alcove_2, serial_shops, shop,
          uniq_maggie
D:10:     layout_cave_pools, nicolae_vehumet_altar_sigil,
          due_lair_maze_entry_diamond, kennysheep_minor_cross, dk_vineyard_3,
          disabler_island
D:11:     layout_big_octagon, david_orc_5, serial_co_window_serial,
          co_window_paths_b, co_window_paths_b, co_window_paths_a,
          co_window_paths_a, co_window_paths_b, co_window_cross_1,
          co_window_corner_b, co_window_unsneaky_path_e, co_window_2corner,
          co_window_2corner, co_window_broadway_c, co_window_broadway_b,
          co_window_cross_3, glass_columns_b, glass_columns_a, glass_columns_c,
          glass_columns_a, glass_columns_a, uniq_erolcha
Temple:   dpeg_chambers_temple
Lair:1:   layout_regular_city
Lair:2:   layout_loops_ring, portal_ice_cave_entry_imps, serial_bayou_lagoon_a,
          st_stairs_5
Lair:3:   layout_regular_city, minmay_shoals_entry_hut,
          minmay_snake_entry_six_corridors, chequers_serial_rivers_micro_a
Lair:4:   layout_cave_pods, slime_entry_1

Skill      XL: |  1  2  3  4  5  6  7  8  9 10 11 12 13 |
---------------+----------------------------------------+-----
Fighting       | 3 4 5 7 8 9 10 | 10.0
Ranged Weapons | 5 6 7 8 10 11 12 13 14 | 14.1
Stealth        | 3 4 6 7 8 9 |  9.4
Invocations    | 4 7 8 |  8.3
Dodging        | 4 5 6 |  6.6
Maces & Flails | 2 5 6 |  6.6
Armour         | |  0.6

Action                   |  1- 3 |  4- 6 |  7- 9 | 10-12 | 13-15 || total
-------------------------+-------+-------+-------+-------+-------++-------
Melee: Longbow           |     1 |       |       |       |       ||     1
 Fire: Shortbow          |    29 |       |       |       |       ||    29
       Longbow           |    12 |    53 |   143 |   444 |    77 ||   729
Invok: Divine Shield     |       |       |       |     2 |     2 ||     4
  Use: Scroll            |     5 |     1 |     3 |    14 |     8 ||    31
       Potion            |     2 |       |     9 |     8 |    11 ||    30
Armor: Plate armour      |    28 |     1 |       |    44 |       ||    73
       Leather armour    |     1 |       |    21 |     3 |       ||    25
       Robe              |       |       |       |    32 |       ||    32
       Ring mail         |       |       |       |     4 |    57 ||    61
Dodge: Dodged            |     2 |     6 |    52 |    93 |   134 ||   287
Block: Other             |       |       |       |     1 |    38 ||    39
